 Dungeon Crawl Stone Soup version 0.30.0 (webtiles) character file.

Game seed: 1968066418502376908

1953 Dani the Cleaver (level 8, -3/58 HPs)
             Began as a Demonspawn Fighter on May 20, 2023.
             Was a Priest of Sif Muna.
             Slain by a yak (12 damage)
             ... on level 7 of the Dungeon.
             The game lasted 00:08:04 (5622 turns).

Dani the Cleaver (Demonspawn Fighter)               Turns: 5622, Time: 00:08:04

Health: -3/58      AC: 12    Str: 16    XL:     8   Next: 99%
Magic:  9/9        EV:  9    Int:  9    God:    Sif Muna [***...]
Gold:   1076       SH:  9    Dex: 18    Spells: 9/9 levels left

rFire   . . .        s - +10 whip "Goblinbane" {heavy, Will+ rCorr Int-3 Dex+5}
rCold   . . .        c - +0 buckler
rNeg    . . .        b - +0 scale mail
rPois   .            (helmet unavailable)
rElec   .            (no cloak)
rCorr   +            v - +2 pair of gloves
SInv    .            r - +1 pair of boots
Will    +....        (no amulet) Stlth
                     (no ring)
HPRegen 0.29/turn    (no ring)
MPRegen 0.11/turn

%: no passive effects
@: no status effects
A: horns 3, demonic guardian 1, condensation shield
a: Renounce Religion, Channel Magic, Forget Spell


You were on level 7 of the Dungeon.
You worshipped Sif Muna.
Sif Muna was most pleased with you.
You visited 1 branch of the dungeon, and saw 7 of its levels.

You collected 1076 gold pieces.

Inventory:

Hand Weapons
 a - a +1 war axe
 l - a +0 broad axe of freezing
   (You acquired it on level 3 of the Dungeon)
 s - the +10 whip "Goblinbane" (weapon) {heavy, Will+ rCorr Int-3 Dex+5}
   (You found it on level 5 of the Dungeon)

   Int:       It affects your intelligence (-3).
   Dex:       It affects your dexterity (+5).
   rCorr:     It protects you from acid and corrosion.
   Will:      It increases your willpower.
Armour
 b - a +0 scale mail (worn)
 c - a +0 buckler (worn)
 r - a +1 pair of boots (worn)
   (You found it on level 3 of the Dungeon)
 v - a +2 pair of gloves (worn)
   (You found it on level 5 of the Dungeon)
Jewellery
 f - a ring of protection from fire
   (You found it on level 5 of the Dungeon)
 j - a ring of fire
   (You found it on level 3 of the Dungeon)
 k - an amulet of guardian spirit
   (You took it off a gnoll on level 4 of the Dungeon)
 y - an amulet of magic regeneration
   (You found it on level 5 of the Dungeon)
Wands
 p - a wand of roots (7)
   (You found it on level 5 of the Dungeon)
 V - a wand of flame (13)
   (You found it on level 3 of the Dungeon)
Scrolls
 g - 3 scrolls of poison
 q - a scroll of fear {unknown}
 t - a scroll of magic mapping {unknown}
 w - 2 scrolls of enchant armour
 B - a scroll of blinking
 R - a scroll of identify {@r1}
 T - 5 scrolls of teleportation
Potions
 d - 4 potions of might
 e - 3 potions of heal wounds
 h - a potion of mutation {!q}
 i - a potion of brilliance
 m - 2 potions of ambrosia
 n - a potion of berserk rage {unknown}
 o - 3 potions of attraction {unknown}
 u - 3 potions of resistance
 H - 3 potions of haste
 Q - 3 potions of curing {@q1}


   Skills:
 + Level 3.4 Fighting
 + Level 10.2 Axes
 + Level 3.1 Armour
 + Level 1.2 Dodging
 + Level 3.1 Shields
 + Level 1.3 Spellcasting
 + Level 1.1 Earth Magic


You had 9 spell levels left.
You didn't know any spells.
Your spell library contained the following spells:

 Spells                   Type           Power      Damage    Failure   Level
 Lesser Beckoning         Tloc           0%         N/A       95%         2
 Gell's Gravitas          Tloc           0%         N/A       99%         3
 Teleport Other           Tloc           0%         N/A       99%         3
 Volatile Blastmotes      Fire/Tloc      0%         2d10      99%         3
 Fulminant Prism          Conj/Hex       0%         3d5       100%        4
 Iskenderun's Mystic Bla  Conj/Tloc      0%         2d3       100%        4
 Lee's Rapid Deconstruct  Erth           1%         3d4*      100%        5
 Dispersal                Tloc           0%         N/A       100%        6


Dungeon Overview and Level Annotations

Branches:
Dungeon (7/15)
 Temple: D:4-7

Altars:
Hepliaklqana
Sif Muna
Vehumet


Innate Abilities, Weirdness & Mutations

You have a pair of large horns on your head.
A weak demonic guardian rushes to your aid.
A meltable shield of frost defends you. (SH +4)


Message History

Your Dodging skill increases to level 1!
Your Shields skill increases to level 3!
Your Spellcasting skill increases to level 1!
Your Earth Magic skill increases to level 1!
You whack the yak! Your headbutt misses the yak.
The yak is heavily wounded.
You block the yak's attack. x2
You hit the yak.
The yak is heavily wounded.
You block the yak's attack. x2
You hit the yak.
The yak is heavily wounded.
You block the yak's attack. The yak gores you but does no damage.
You hit the yak. You headbutt the yak!
The yak is almost dead.
The yak gores you but does no damage. The yak gores you!
* * * LOW HITPOINT WARNING * * *
A demonic guardian appears!
You block the yak's attack.
You hit the yak.
The yak is lightly wounded.
The yak misses you. The yak gores you but does no damage.
Your white imp hits the yak but does no damage.
You hit the yak. You headbutt the yak!
The yak is heavily wounded.
The yak gores you!
* * * LOW HITPOINT WARNING * * *
You block the yak's attack.
Your white imp hits the yak.
Your white imp freezes the yak.
You barely miss the yak.
The yak is heavily wounded.
The yak gores you but does no damage. The yak closely misses you.
Your white imp hits the yak.
Your white imp freezes the yak.
You hit the yak but do no damage. You headbutt the yak.
The yak is severely wounded.
The yak closely misses you. The yak gores you.
* * * LOW HITPOINT WARNING * * *
Your white imp barely misses the yak.
You block the yak's attack. The yak gores you but does no damage.
Your white imp barely misses the yak.
You are too injured to fight recklessly!
You are too injured to fight recklessly!
You are too injured to fight recklessly!
You are too injured to fight recklessly!
You are too injured to fight recklessly!
You are too injured to fight recklessly!
You are too injured to fight recklessly!
You are too injured to fight recklessly!
You are too injured to fight recklessly!
You are too injured to fight recklessly!
You are too injured to fight recklessly!
You are too injured to fight recklessly!
You are too injured to fight recklessly!
You are too injured to fight recklessly!
You are too injured to fight recklessly!
You are too injured to fight recklessly!
You are too injured to fight recklessly!
You are too injured to fight recklessly!
You are too injured to fight recklessly!
You are too injured to fight recklessly!
You are too injured to fight recklessly!
You are too injured to fight recklessly!
You are too injured to fight recklessly!
You are too injured to fight recklessly!
You are too injured to fight recklessly!
You are too injured to fight recklessly!
You are too injured to fight recklessly!
You are too injured to fight recklessly!
The yak attacks as you move away! The yak gores you!
* * * LOW HITPOINT WARNING * * *
Your white imp barely misses the yak.
The yak attacks as you move away! The yak barely misses you.
Your white imp hits the yak.
Your white imp freezes the yak.
The yak attacks as you move away! The yak gores you!
* * * LOW HITPOINT WARNING * * *
Your white imp barely misses the yak.
Your white imp gestures at the yak.
The puff of frost hits the yak.
You feel much better. The yak gores you but does no damage.
You hit the yak.
The yak is moderately wounded.
You whack the yak!
You kill the yak!
Sif Muna accepts your kill. The yak gores you.
* * * LOW HITPOINT WARNING * * *
You block the yak's attack. The yak attacks as you move away!
You block the yak's attack.
Your white imp gestures at the yak.
The puff of frost hits the yak!
The yak attacks as you move away! The yak gores you!
* * * LOW HITPOINT WARNING * * *
The yak attacks as you move away! The yak gores you but does no damage.
You hit the yak.
The yak is heavily wounded.
The yak gores you!
* * * LOW HITPOINT WARNING * * *
A demonic guardian appears!
You hit the yak.
The yak is heavily wounded.
The yak gores you!
You die...

#. .. #. > ## ##.#
#.... ....##. .. #.
.... .# #. #..##.#
#.##)))..###.#
######.###.#.......
......5@YYYY.##
######.##F...5## .
#.##..##..####....
#.#...###..Y......
##.....# ###.F#....
#####...#### .5.[.
. #..........#
.....# #..........#
###....
#...)......# ....


You could see 4 yaks, a bullfrog and 2 friendly white imps.

Vanquished Creatures
  2 yaks (D:7)
  2 black bears
  An ice beast (D:5)
  2 ogres (D:4)
  A kobold brigand (D:7)
  3 bullfrogs (D:6)
  3 scorpions (D:4)
  A howler monkey (D:5)
  2 jellies
  4 hounds
  3 iguanas
  3 orc wizards
  Natasha (thrice) (D:3)
  10 gnolls
  8 adders
  2 white imps
  2 ufetubi (D:6)
  3 worms
  4 dart slugs
  17 orcs
  3 bats
  7 endoplasms
  3 giant cockroaches
  7 goblins
  4 hobgoblins
  9 jackals
  3 quokkas
  6 ball pythons
  5 frilled lizards
  17 kobolds
  7 rats
147 creatures vanquished.

Vanquished Creatures (collateral kills)
  A gnoll (D:4)
  A kobold (D:7)
2 creatures vanquished.

Grand Total: 149 creatures vanquished

Notes
Turn   | Place    | Note
-------+----------+-------------------------------------------
     0 | D:1      | Dani the Demonspawn Fighter began the quest for the Orb.
     0 | D:1      | Reached XP level 1. HP: 18/18 MP: 1/1
    72 | D:1      | Reached skill level 2 in Axes
   179 | D:1      | Gained mutation: You have a pair of small horns on your
                  | head. [demonic ancestry]
   179 | D:1      | Reached XP level 2. HP: 24/24 MP: 2/2
   632 | D:1      | Reached skill level 3 in Axes
   899 | D:2      | Reached XP level 3. HP: 29/29 MP: 3/3
  1090 | D:2      | Gained mutation: You have hidden genetic defects. [potion
                  | of mutation]
  1090 | D:2      | Lost mutation: You have hidden genetic defects. [potion of
                  | mutation]
  1127 | D:2      | Gained mutation: You have a pair of horns on your head.
                  | [demonic ancestry]
  1127 | D:2      | Reached XP level 4. HP: 35/35 MP: 4/4
  1136 | D:2      | Reached skill level 4 in Axes
  1816 | D:3      | Noticed Natasha
  1823 | D:3      | Killed Natasha
  1824 | D:3      | Reached skill level 5 in Axes
  1824 | D:3      | Gained mutation: A meltable shield of frost defends you.
                  | (SH +4) [demonic ancestry]
  1824 | D:3      | Reached XP level 5. HP: 28/41 MP: 5/5
  1881 | D:3      | Found a faded altar of an unknown god.
  1924 | D:3      | Prayed at the altar of an unknown god.
  1924 | D:3      | Became a worshipper of Sif Muna the Loreminder
  1924 | D:3      | Reached * piety under Sif Muna
  2183 | D:3      | Identified a scroll of acquirement
  2183 | D:3      | Acquired a +0 broad axe of freezing
  2533 | D:4      | Noticed an ogre
  2559 | D:3      | Noticed Natasha
  2565 | D:3      | Killed Natasha
  2602 | D:3      | Noticed Natasha
  2605 | D:3      | Killed Natasha
  2755 | D:4      | Noticed an ogre
  2758 | D:4      | HP: 7/41 [ogre/+0 giant spiked club (34)]
  2763 | D:4      | Killed an ogre
  2764 | D:4      | Reached skill level 6 in Axes
  2764 | D:4      | Gained mutation: A weak demonic guardian rushes to your
                  | aid. [demonic ancestry]
  2764 | D:4      | Reached XP level 6. HP: 10/47 MP: 6/6
  3033 | D:4      | Reached skill level 7 in Axes
  3033 | D:4      | Reached XP level 7. HP: 38/52 MP: 7/7
  3034 | D:4      | Reached ** piety under Sif Muna
  3270 | D:4      | Acquired 726 gold pieces
  3941 | D:4      | Found a radiant altar of Vehumet.
  4084 | D:5      | Entered Level 5 of the Dungeon
  4123 | D:5      | Found a hazy altar of Hepliaklqana.
  4267 | D:5      | Reached skill level 8 in Axes
  4417 | D:5      | Identified the +10 whip "Goblinbane" {heavy, Will+ rCorr
                  | Int-3 Dex+5}
  4555 | D:5      | Gained mutation: You have a pair of large horns on your
                  | head. [demonic ancestry]
  4555 | D:5      | Reached XP level 8. HP: 43/58 MP: 8/8
  4748 | D:6      | Reached skill level 9 in Axes
  5050 | D:6      | Reached *** piety under Sif Muna
  5183 | D:6      | Reached skill level 10 in Axes
  5602 | D:7      | Reached skill level 3 in Armour
  5602 | D:7      | Reached skill level 1 in Dodging
  5602 | D:7      | Reached skill level 3 in Shields
  5602 | D:7      | Reached skill level 1 in Spellcasting
  5602 | D:7      | Reached skill level 1 in Earth Magic
  5610 | D:7      | HP: 14/58 [yak (9)]
  5612 | D:7      | HP: 6/58 [yak (8)]
  5621 | D:7      | HP: 8/58 [yak (7)]
  5622 | D:7      | Slain by a yak

Illustrated notes

Levels and vault maps discovered:
D:1:      spicycebolla_arrival_xxxplode, layout_basic, kennysheep_flooded_box,
          kennysheep_nondescript, minmay_statues_item
D:2:      minmay_chambers_of_twos, layout_basic
D:3:      layout_loops_corners, ebering_ecumenical_altar_box, uniq_natasha
D:4:      layout_basic, kennysheep_mini_moat
D:5:      layout_rooms, overflow_temple_1_default
D:6:      layout_rooms, lemuel_doored_altar
D:7:      layout_rooms, nicolae_ru_sacrificial_ziggurat,
          minmay_temple_entry_gardened_gates, serial_shops, shop,
          uniq_prince_ribbit1

Skill      XL: |  1  2  3  4  5  6  7  8 |
---------------+-------------------------+-----
Axes           | 2 3 5 6 7 8 10 | 10.2
Armour         | 3 |  3.1
Dodging        | 1 |  1.2
Shields        | 3 |  3.1
Spellcasting   | 1 |  1.3
Earth Magic    | 1 |  1.1
Fighting       | |  3.4

Action                     |  1- 3 |  4- 6 |  7- 9 || total
---------------------------+-------+-------+-------++-------
  Melee: War axe           |    84 |    93 |       ||   177
         Headbutt          |    10 |    20 |    29 ||    59
         Broad axe         |       |    45 |    58 ||   103
         Whip              |       |       |    96 ||    96
  Throw: Throwing net      |       |     1 |       ||     1
    Use: Scroll            |     5 |     6 |     2 ||    13
         Potion            |     4 |     2 |     1 ||     7
   Stab: Held in net/web   |       |     1 |       ||     1
 Armour: Scale mail        |    46 |    47 |    96 ||   189
  Dodge: Dodged            |    39 |    53 |    90 ||   182
  Block: Buckler           |    21 |    35 |   112 ||   168

Levels and vault maps discovered:
D:1:      spicycebolla_arrival_xxxplode, layout_basic, kennysheep_flooded_box,
          kennysheep_nondescript, minmay_statues_item
D:2:      minmay_chambers_of_twos, layout_basic
D:3:      layout_loops_corners, ebering_ecumenical_altar_box, uniq_natasha
D:4:      layout_basic, kennysheep_mini_moat
D:5:      layout_rooms, overflow_temple_1_default
D:6:      layout_rooms, lemuel_doored_altar
D:7:      layout_rooms, nicolae_ru_sacrificial_ziggurat,
          minmay_temple_entry_gardened_gates, serial_shops, shop,
          uniq_prince_ribbit1

Table legend: (Time is in decaauts)
 A = Elapsed time spent in this place.
 B = Non-inter-level travel time spent in this place.
 C = Inter-level travel time spent in this place.
 D = Time resting spent in this place.
 E = Time spent auto-exploring this place.
 F = Levels seen in this place.
 G = Mean time per level.
                   A        B        C        D        E       F      G
               +--------+--------+--------+--------+--------+-----+--------+
         Total |   5717 |   5526 |    191 |      0 |   4569 |   7 |  816.7 |
       Dungeon |   5717 |   5526 |    191 |      0 |   4569 |   7 |  816.7 |
               +--------+--------+--------+--------+--------+-----+--------+

Top non-repeatable levels by time:
     D:4: 1492 daAuts
     D:3: 1145 daAuts
     D:2: 816 daAuts
     D:6: 743 daAuts
     D:1: 695 daAuts
     D:5: 666 daAuts
     D:7: 157 daAuts

Table legend:
 A = Kills in this place as a percentage of kills in the entire game.
 B = Kills by you in this place as a percentage of kills by you in the entire game.
 C = Kills by friends in this place as a percentage of kills by friends in the entire game.
 D = Other kills in this place as a percentage of other kills in the entire game.
 E = Experience gained in this place as a percentage of experience gained in the entire game.
 F = Experience gained in this place divided by the number of levels of this place that you have seen.
                   A       B       C       D       E      F
               +-------+-------+-------+-------+-------+----------------------
         Total | 100.0 | 100.0 | 100.0 |   N/A | 100.0 | 398.7
       Dungeon | 100.0 | 100.0 | 100.0 |   N/A | 100.0 | 398.7
               +-------+-------+-------+-------+-------+----------------------
